 Dungeon Crawl Stone Soup version 0.23.0 (console) character file.

Game seed: 14761547112379076059

58477 erker the Severer (level 14, -4/92 HPs)
             Began as a Gargoyle Gladiator on Feb 9, 2019.
             Was the Champion of Makhleb.
             Shot with an arrow by a centaur (11 damage)
             ... on level 12 of the Dungeon.
             The game lasted 01:11:21 (16410 turns).

erker the Severer (Gargoyle Gladiator)             Turns: 16410, Time: 01:11:22

Health: -4/92      AC: 28    Str: 24      XL:     14   Next: 90%
Magic:  20/20      EV: 15    Int:  7 (8)  God:    Makhleb [******]
Gold:   1023       SH:  6    Dex: 10 (11) Spells: 13/13 levels left

rFire    . . .     SeeInvis .   a - +3 war axe (chop)
rCold    + . .     Gourm    .   C - +2 buckler
rNeg     + + .     Faith    .   H - +2 ring mail {rC+}
rPois    ∞         Spirit   .   c - +0 helmet
rElec    +         Reflect  .   G - +1 cloak {+Inv}
rCorr    .         Harm     .   d - +2 pair of gloves {archery}
MR       +....                  v - +1 pair of boots
Stlth    ..........             J - amulet of rage
HPRegen  0.25/turn              i - ring of positive energy
MPRegen  0.17/turn              h - +2 ring of evasion

@: flying, hasted, heavily drained, very quick
A: big wings, negative energy resistance 1, electricity resistance, unbreathing,
petrification resistance, rot immunity, AC +10
a: Stop Flying, Minor Destruction, Lesser Servant of Makhleb, Major Destruction,
Greater Servant of Makhleb, Renounce Religion, Evoke Berserk Rage, Evoke
Invisibility


You were on level 12 of the Dungeon.
You worshipped Makhleb.
Makhleb was exalted by your worship.
You were not hungry.

You visited 3 branches of the dungeon, and saw 19 of its levels.
You also visited: Ossuary and Gauntlet.

You collected 1444 gold pieces.
You spent 421 gold pieces at shops.

Inventory:

Hand Weapons
 a - a +3 war axe of chopping (weapon)
 D - a +3 battleaxe of freezing
 M - a +4 scimitar of flaming
 W - a +4 war axe
Missiles
 e - 18 javelins (quivered)
 p - a throwing net
 q - 148 bolts
 A - 19 sling bullets
 E - 3 needles of frenzy
 N - 2 needles of paralysis
Armour
 c - a +0 helmet (worn)
 d - a +2 pair of gloves of archery (worn)
 v - a +1 pair of boots (worn)
 C - a +2 buckler (worn)
 G - a +1 cloak of invisibility (worn)
 H - a +2 ring mail of cold resistance (worn)
 K - a scarf of repulsion
 T - a scarf of cloud immunity
 Y - a +1 chain mail of fire resistance
Jewellery
 h - a +2 ring of evasion (right hand)
 i - a ring of positive energy (left hand)
 w - an uncursed ring of positive energy
 J - an amulet of rage (around neck)
 L - an uncursed amulet of regeneration
 V - an uncursed ring of fire
Wands
 b - a wand of digging (4)
 z - a wand of acid (8)
 F - a wand of polymorph (21)
 I - a wand of iceblast (19)
 O - a wand of enslavement (8)
 P - a wand of scattershot (11)
 Q - a wand of paralysis (39)
 R - a wand of flame (46)
Scrolls
 g - 20 scrolls of identify
 n - 12 scrolls of teleportation
 r - 8 scrolls of remove curse
 y - 3 scrolls of fog
 B - a scroll of fear
 X - a scroll of summoning
Potions
 j - 7 potions of heal wounds
 k - a potion of might
 l - a potion of experience {unknown}
 m - a potion of haste
 o - 12 potions of curing
 t - a potion of resistance
 u - a potion of mutation
 x - 2 potions of berserk rage
Comestibles
 f - 40 rations
 U - 3 chunks of flesh


   Skills:
 + Level 12.1(10.7) Fighting
 - Level 16.0(14.3) Axes
 - Level 1.7(0.6) Throwing
 + Level 10.0(8.6) Armour
 + Level 6.6(5.3) Dodging
 - Level 4.0(2.8) Shields
 * Level 8.0(6.7) Evocations


You had 13 spell levels left.
You didn't know any spells.
Your spell library contained the following spells:

 Spells                   Type           Power        Failure   Level  Hunger
 Animate Skeleton         Necr           N/A          61%         1    ##.....
 Apportation              Tloc           #.....       61%         1    ##.....
 Confusing Touch          Hex            #.....       61%         1    ##.....
 Corona                   Hex            #......      61%         1    ##.....
 Flame Tongue             Conj/Fire      #....        61%         1    ##.....
 Freeze                   Ice            #...         61%         1    ##.....
 Magic Dart               Conj           #...         61%         1    ##.....
 Shock                    Conj/Air       #...         61%         1    ##.....
 Summon Small Mammal      Summ           #...         61%         1    ##.....
 Blink                    Tloc           N/A          75%         2    ###....
 Call Imp                 Summ           #.......     75%         2    ###....
 Corpse Rot               Necr           N/A          75%         2    ###....
 Ensorcelled Hibernation  Hex/Ice        #.....       75%         2    ###....
 Slow                     Hex            #.......     75%         2    ###....
 Throw Frost              Conj/Ice       #.....       75%         2    ###....
 Confuse                  Hex            #.......     93%         3    ####...
 Conjure Flame            Conj/Fire      #.......     93%         3    ####...
 Dazzling Spray           Conj/Hex       #.....       93%         3    ####...
 Mephitic Cloud           Conj/Pois/Air  #.......     93%         3    ####...
 Ozocubu's Armour         Chrm/Ice       #.......     93%         3    ####...
 Portal Projectile        Hex/Tloc       #.....       93%         3    ####...
 Tukima's Dance           Hex            #.......     93%         3    ####...
 Vampiric Draining        Necr           #.........   93%         3    ####...
 Sticky Flame             Conj/Fire      #.......     100%        4    #####..
 Summon Ice Beast         Ice/Summ       #.......     100%        4    #####..
 Throw Icicle             Conj/Ice       #.......     100%        4    #####..
 Agony                    Necr           #.......     100%        5    ######.
 Bolt of Draining         Conj/Necr      #.........   100%        5    ######.
 Borgnjor's Vile Clutch   Necr/Erth      #.........   100%        5    ######.
 Lightning Bolt           Conj/Air       #.........   100%        5    ######.
 Silence                  Hex/Air        #.........   100%        5    ######.
 Darkness                 Hex            #.........   100%        6    #######
 Shadow Creatures         Summ           N/A          100%        6    #######
 Disjunction              Tloc           #.........   100%        8    #######
 Ignition                 Fire           #.........   100%        8    #######


Dungeon Overview and Level Annotations

Branches:
Dungeon (12/15)            Temple (1/1) D:5            Lair (6/6) D:9
  Swamp (0/4) Lair:3       Spider (0/4) Lair:4        Slime (0/5) Lair:5
    Orc (0/2) D:12

Altars:
Ashenzari
Cheibriados
Dithmenos
Elyvilon
Fedhas
Gozag
Hepliaklqana
Kikubaaqudgha
Makhleb
Nemelex Xobeh
Okawaru
Qazlal
Ru
Sif Muna
Trog
Uskayaw
Vehumet
Wu Jian
Xom
Yredelemnul
Zin
The Shining One
Jiyva

Shops:
D:7 ?   D:10 *

Annotations:
D:9 3 runed translucent doors, doot's ghost, novice MfTm
Lair:2 2 exclusions


Innate Abilities, Weirdness & Mutations

You are resistant to torment.
Your stone body is resilient. (AC +10)
You are immune to poison.
Your large and strong wings let you fly indefinitely.
You resist negative energy. (rN+)
You are resistant to electric shocks. (rElec)
You can survive without breathing.
You are immune to petrification.
You are immune to rotting.


Message History

The centaur shoots an arrow.
The arrow misses you.
A centaur comes into view.
The centaur wields a +0 shortbow.
The centaur shoots an arrow.
You block the arrow.
The centaur shoots an arrow.
The arrow hits you but does no damage.
You hear a shout!
You see here 2 arrows.
The centaur shoots an arrow.
The arrow closely misses you.
The centaur shoots an arrow.
The arrow barely misses you.
A centaur comes into view.
The centaur shoots an arrow.
The arrow hits you but does no damage.
The centaur shoots an arrow.
The arrow barely misses you.
The centaur shoots an arrow.
The arrow hits you!
* * * LOW HITPOINT WARNING * * *
The centaur shoots an arrow.
The arrow hits you but does no damage.
You see here 3 arrows.
You feel yourself speed up.
The centaur shoots an arrow.
The arrow misses you.
The centaur shoots an arrow.
The arrow hits you but does no damage.
The centaur shoots an arrow.
The arrow hits you!
You die...

.8.......8)') ..#####.))#)
#'###)#.##) ###### #...##.##.
.....### #.>.##.##. ##.......
##†..##.##. .#.......
######'###'#.##.
.#...#############.#...## ##...##
ccc..#.....c.(cJ@....8.# #.8.#
.#...#...((cc..(...#...# #...##
##...#.....c.....((#'###########.
.....'....>c.........#.#.....'...
....)#.(....##########.#.....#.##
....)####'###..........#.....#.#.
....)..................#.....#.#.
....(..................#.....#.#.
##.....................#.....#.#.


You could see a titanic slime creature and 6 centaurs.

Vanquished Creatures
  Gastronok (Lair:2)
  A minotaur (Gauntlet)
  An ice dragon (Lair:4)
  5 hydras
  A ghost crab (Gauntlet)
  An alligator (Lair:4)
  Erica (D:11)
  A merfolk avatar (Lair:6)
  5 death yaks (Lair:4)
  5 sixfirhies
  A deep troll (Lair:2)
  A sea snake (Lair:6)
  2 deep elf magi (D:12)
  The ghost of DungeonDestroyer the Slasher, a novice MiFi of the Shining One (D:5)
  2 harpies (Lair:6)
  Pikel (D:5)
  The ghost of lextramoth the Quickloader, a novice CeHu (D:5)
  6 ugly things
  A cyclops (D:11)
  4 manticores (Lair:6)
  9 elephants (Lair:6)
  2 black mambas (Lair:2)
  Maurice (D:11)
  5 gargoyles
  9 spiny frogs
  A minotaur zombie (Gauntlet)
  The ghost of Flooderbenga the Chiller, a novice GnIE (D:5)
  3 rime drakes
  13 komodo dragons
  A queen bee (D:8)
  2 polar bears
  4 hornets
  3 bog bodies (Lair:3)
  7 dream sheep (Lair:5)
  8 hippogriffs
  6 slime creatures
  10 blink frogs
  4 redbacks (Lair:4)
  2 wyverns (Lair:6)
  The ghost of Enish the Skirmisher, an amateur DgHu (D:5)
  21 yaks
  2 basilisks
  2 hungry ghosts
  A steam dragon (D:10)
  A soldier ant (D:11)
  3 vampire mosquitoes (D:8)
  2 swamp worms (Lair:3)
  Duvessa (D:6)
  14 water moccasins
  7 porcupines
  9 orc warriors
  2 sky beasts
  2 ice beasts
  An eye of draining (D:12)
  A necrophage (D:10)
  6 black bears
  4 phantoms
  3 wolves (Lair:1)
  9 crocodiles
  4 ogres
  6 centaurs
  A big kobold (D:12)
  Blork the orc (D:5)
  8 bullfrogs
  3 scorpions
  Dowan (D:6)
  19 killer bees
  4 wights (D:8)
  2 electric eels
  A bullfrog zombie (D:10)
  3 crimson imps
  A quasit (D:11)
  3 jellies
  A centaur zombie (D:8)
  6 hounds
  A gnoll shaman (D:6)
  3 orc priests
  Crazy Yiuf (D:4)
  Jessica (D:3)
  3 bullfrog skeletons
  4 iguanas
  Terence (D:3)
  Natasha (twice) (D:4)
  10 worker ants
  7 orc wizards
  A big kobold zombie (Ossuary)
  A hound skeleton (D:4)
  8 mummies (Ossuary)
  2 worker ant zombies
  A howler monkey zombie (D:5)
  16 adders
  5 gnolls (D:6)
  3 shadow imps
  An ooze (D:5)
  2 adder zombies
  7 dart slugs
  4 leopard geckos
  67 orcs
  2 ball pythons (D:1)
  5 giant cockroaches
  6 goblins
  10 hobgoblins
  27 jackals
  9 kobolds
  7 quokkas
  7 bats
  5 frilled lizards
  4 gnoll zombies (Ossuary)
  A hobgoblin zombie (Ossuary)
  A jackal zombie (D:9)
  2 orc zombies (Ossuary)
  7 rats
  2 fungi
  6 plants
541 creatures vanquished.

Vanquished Creatures (collateral kills)
  A plant (Lair:4)
1 creature vanquished.

Vanquished Creatures (others)
  A necrophage (D:5)
  A quasit (D:12)
  An orc wizard (D:9)
  A worker ant (D:5)
  4 demonic plants (Gauntlet)
  6 fungi
  9 plants
23 creatures vanquished.

Grand Total: 565 creatures vanquished

Notes
Turn   | Place    | Note
-------+----------+-------------------------------------------
     0 | D:1      | erker the Gargoyle Gladiator began the quest for the Orb.
     0 | D:1      | Reached XP level 1. HP: 12/12 MP: 1/1
   144 | D:1      | Reached skill level 3 in Axes
   144 | D:1      | Reached XP level 2. HP: 13/17 MP: 2/2
   585 | D:1      | Reached XP level 3. HP: 13/22 MP: 3/3
  1410 | D:2      | Reached XP level 4. HP: 26/27 MP: 4/4
  1518 | D:2      | Found an ornate altar of the Wu Jian Council.
  1754 | D:2      | Found a blossoming altar of Fedhas.
  1761 | D:2      | Reached skill level 4 in Axes
  2094 | D:3      | Reached skill level 1 in Armour
  2234 | D:3      | Noticed Jessica
  2243 | D:3      | Killed Jessica
  2243 | D:3      | Reached XP level 5. HP: 19/31 MP: 5/5
  2424 | D:3      | Noticed Terence
  2448 | D:3      | Killed Terence
  2614 | D:4      | Noticed a phantom
  2619 | D:4      | Noticed a phantom
  2654 | D:4      | Killed a phantom
  2654 | D:4      | Reached skill level 5 in Axes
  2654 | D:4      | Reached XP level 6. HP: 26/36 MP: 6/6
  2656 | D:4      | Killed a phantom
  2673 | D:4      | Reached skill level 6 in Axes
  2673 | D:4      | Reached XP level 7. HP: 32/41 MP: 7/7
  2794 | D:4      | Noticed Natasha
  2804 | D:4      | Killed Natasha
  2860 | D:4      | Found a runed translucent door.
  2861 | D:4      | Noticed Crazy Yiuf
  2870 | D:4      | Killed Crazy Yiuf
  2910 | D:4      | Found a sparkling altar of Nemelex Xobeh.
  2977 | D:4      | Noticed Natasha
  2994 | D:4      | Killed Natasha
  3032 | D:5      | Entered Level 5 of the Dungeon
  3032 | D:5      | Found a staircase to the Ecumenical Temple.
  3041 | Temple   | Entered the Ecumenical Temple
  3292 | Temple   | Became a worshipper of Makhleb the Destroyer
  3327 | D:5      | Reached skill level 1 in Shields
  3374 | D:5      | Noticed Blork the orc
  3408 | D:5      | Killed Blork the orc
  3419 | D:5      | Reached skill level 7 in Axes
  3419 | D:5      | Reached XP level 8. HP: 22/46 MP: 8/8
  3440 | D:5      | Reached skill level 1 in Evocations
  3468 | D:5      | Found a sacrificial altar of Ru.
  3497 | D:5      | Noticed Pikel
  3552 | D:5      | Killed Pikel
  3567 | D:5      | Reached skill level 8 in Axes
  3690 | D:5      | Found a deep blue altar of Sif Muna.
  3755 | D:5      | Found a shadowy altar of Dithmenos.
  3815 | D:5      | Found a runed translucent gate.
  3817 | D:5      | Found a runed translucent gate.
  3817 | D:5      | Noticed DungeonDestroyer's ghost (novice MiFi)
  3818 | D:5      | Found a runed translucent gate.
  3818 | D:5      | Noticed Flooderbenga's ghost (novice GnIE)
  3818 | D:5      | Noticed lextramoth's ghost (novice CeHu)
  3819 | D:5      | Noticed Enish's ghost (amateur DgHu)
  3867 | D:5      | Found a sparkling altar of Nemelex Xobeh.
  4017 | D:6      | Reached XP level 9. HP: 41/52 MP: 10/10
  4150 | D:6      | Noticed Dowan
  4173 | D:6      | Killed Dowan
  4396 | D:6      | Reached * piety under Makhleb
  4629 | D:6      | Noticed Duvessa
  4688 | D:6      | Killed Duvessa
  4723 | D:7      | Reached skill level 9 in Axes
  4743 | D:7      | Found a sand-covered staircase.
  4748 | Ossuary  | Entered an ossuary
  4976 | D:7      | Noticed a sixfirhy
  4977 | D:7      | Found a runed translucent door.
  5006 | D:7      | Reached ** piety under Makhleb
  5112 | D:7      | Found Aposhu's Magic Scroll Shoppe.
  5114 | D:7      | Found a shimmering altar of Xom.
  5120 | D:7      | Bought a scroll of fog for 28 gold pieces
  5120 | D:7      | Bought a scroll of noise for 14 gold pieces
  5390 | D:7      | Killed a sixfirhy
  5390 | D:7      | Reached skill level 10 in Axes
  5390 | D:7      | Reached XP level 10. HP: 58/58 MP: 12/12
  5457 | D:7      | Found a glowing silver altar of Zin.
  5549 | D:8      | Reached skill level 5 in Fighting
  5812 | D:8      | Found a white marble altar of Elyvilon.
  6052 | D:9      | Noticed a gargoyle
  6053 | D:9      | Noticed a gargoyle
  6055 | D:9      | Noticed a gargoyle
  6058 | D:9      | Noticed a gargoyle
  6081 | D:9      | Killed a gargoyle
  6083 | D:9      | Reached *** piety under Makhleb
  6100 | D:9      | Killed a gargoyle
  6100 | D:9      | Reached skill level 11 in Axes
  6183 | D:9      | Killed a gargoyle
  6183 | D:9      | Reached skill level 5 in Evocations
  6199 | D:9      | Killed a gargoyle
  6199 | D:9      | Reached XP level 11. HP: 64/64 MP: 14/14
  6371 | D:9      | Found a runed translucent gate.
  6372 | D:9      | Found a runed translucent gate.
  6372 | D:9      | Found a runed translucent gate.
  6373 | D:9      | Noticed a red ugly thing
  6373 | D:9      | Noticed a red ugly thing
  6374 | D:9      | Noticed a brown ugly thing
  6375 | D:9      | Noticed a cyan ugly thing
  6644 | D:9      | Found a staircase to the Lair.
  6758 | D:9      | Found a shimmering altar of Xom.
  6887 | D:10     | Entered Level 10 of the Dungeon
  6930 | D:10     | Reached skill level 5 in Dodging
  6979 | D:10     | Reached **** piety under Makhleb
  7141 | D:10     | Found Nasaadug's Assorted Antiques.
  7144 | D:10     | Bought a glowing war axe for 214 gold pieces
  7144 | D:10     | Bought a tourmaline ring for 165 gold pieces
  7339 | D:10     | Reached skill level 12 in Axes
  7659 | Lair:1   | Entered Level 1 of the Lair of Beasts
  7776 | Lair:1   | Got a steaming leather armour
  7787 | Lair:1   | Identified the +1 leather armour of Narcissism {Str+3} (You
                  | found it on level 1 of the Lair of Beasts)
  8444 | Lair:2   | Noticed Nergalle
  8448 | Lair:2   | Noticed Nergalle
  8448 | Lair:2   | Nergalle changed into Nergalle the deep troll
  8456 | Lair:2   | Killed Nergalle the deep troll
  8457 | Lair:2   | Noticed Gastronok
  8575 | Lair:2   | Reached XP level 12. HP: 69/74 MP: 15/15
  8580 | Lair:2   | Reached skill level 13 in Axes
  8580 | Lair:2   | Reached skill level 5 in Armour
  8670 | Lair:2   | Found a gate leading to a gauntlet.
  8683 | Gauntlet | Entered a Gauntlet
  8683 | Gauntlet | Found a transporter.
  8683 | Gauntlet | Found a transporter.
  8683 | Gauntlet | Found a transporter.
  8683 | Gauntlet | Found a transporter.
  8703 | Gauntlet | Found a transporter.
  8712 | Gauntlet | Noticed a ghost crab
  8713 | Gauntlet | Found a transporter.
  8734 | Gauntlet | Found a transporter.
  8750 | Gauntlet | Found a transporter.
  8791 | Gauntlet | Noticed a soul eater
  8792 | Gauntlet | Found a transporter.
  8812 | Gauntlet | Found a transporter.
  8818 | Gauntlet | Found a transporter.
  8836 | Gauntlet | Found a transporter.
  9300 | Gauntlet | Killed a ghost crab
  9401 | Gauntlet | Noticed a minotaur
  9416 | Gauntlet | Killed a minotaur
  9430 | Gauntlet | Identified the Papyrus of Displaced Feathers
  9769 | Lair:2   | Killed Gastronok
 10480 | Lair:3   | Reached ***** piety under Makhleb
 10558 | Lair:3   | Reached skill level 14 in Axes
 10691 | Lair:3   | Found a staircase to the Swamp.
 10782 | Lair:3   | Reached XP level 13. HP: 56/81 MP: 16/16
 11308 | Lair:4   | Reached skill level 10 in Fighting
 11560 | Lair:4   | Noticed an ice dragon
 11631 | Lair:4   | Killed an ice dragon
 11702 | Lair:4   | Found a hole to the Spider Nest.
 12550 | Lair:5   | Reached skill level 15 in Axes
 12679 | Lair:5   | Found a viscous altar of Jiyva.
 12679 | Lair:5   | Found a staircase to the Slime Pits.
 13488 | Lair:6   | Entered Level 6 of the Lair of Beasts
 13678 | Lair:6   | Gained mutation: Your large and strong wings let you fly
                  | indefinitely. [Gargoyle growth]
 13678 | Lair:6   | Reached XP level 14. HP: 90/90 MP: 18/18
 13976 | Lair:6   | Identified the Guide on Evil Snow
 13985 | Lair:6   | Identified Adezoros's Tome of Dark Heat
 14040 | Lair:6   | Reached ****** piety under Makhleb
 14714 | D:9      | Found a runed translucent gate.
 14714 | D:9      | Found a runed translucent gate.
 14716 | D:9      | Noticed doot's ghost (novice MfTm)
 14717 | D:9      | Found a runed translucent gate.
 14872 | D:5      | Killed Flooderbenga's ghost
 14876 | D:5      | Killed lextramoth's ghost
 14877 | D:5      | Killed DungeonDestroyer's ghost
 14884 | D:5      | Killed Enish's ghost
 14978 | D:5      | Identified Sif Muna's Tome of the Arsonist
 15555 | D:11     | Noticed Erica
 15572 | D:11     | Killed Erica
 15708 | D:11     | Noticed Maurice
 15722 | D:11     | Killed Maurice
 15722 | D:11     | Reached skill level 16 in Axes
 16026 | D:12     | Reached skill level 10 in Armour
 16052 | D:12     | Got a brightly glowing flail
 16053 | D:12     | Identified the cursed +0 flail "Zana" {venom, *Drain rElec
                  | rPois rF+} (You found it on level 12 of the Dungeon)
 16278 | D:12     | Found a staircase to the Orcish Mines.
 16410 | D:12     | Shot with an arrow by a centaur

Skill      XL: |  1  2  3  4  5  6  7  8  9 10 11 12 13 14 |
---------------+-------------------------------------------+-----
Axes           | 3 4 5 6 7 8 10 11 12 14 15 16 | 16.0
Armour         | 1 2 3 4 7 9 10 | 10.0
Dodging        | 3 4 5 6 |  6.6
Fighting       | 3 4 6 8 9 11 12 | 12.1
Shields        | 1 3 4 |  4.0
Evocations     | 2 3 5 6 8 |  8.0
Throwing       | |  1.7

Action                   |  1- 3 |  4- 6 |  7- 9 | 10-12 | 13-15 || total
-------------------------+-------+-------+-------+-------+-------++-------
Melee: War axe           |   159 |   124 |   444 |   586 |   805 ||  2118
       Mace              |       |       |       |       |    45 ||    45
Throw: Throwing net      |       |     1 |     3 |       |       ||     4
       Javelin           |       |       |       |       |     2 ||     2
 Abil: Evoke Berserk Rag |       |       |     1 |     5 |     1 ||     7
       Evoke Invisibilit |       |       |       |     1 |       ||     1
       Fly               |       |       |       |       |     1 ||     1
Evoke: Wand              |       |       |       |     7 |     6 ||    13
  Use: Scroll            |     3 |       |     1 |     8 |     3 ||    15
       Potion            |     1 |       |     3 |    11 |     3 ||    18
 Stab: Held in net/web   |       |     1 |     2 |       |       ||     3
       Paralysed         |       |       |     1 |     2 |     2 ||     5
       Invisible         |       |       |       |     2 |       ||     2
  Eat: Chunk             |     2 |     4 |    12 |    15 |    16 ||    49
       Ration            |       |       |       |     3 |     1 ||     4
Armor: Leather armour    |    59 |    58 |   172 |   131 |     5 ||   425
       Chain mail        |       |       |       |   115 |   306 ||   421
       Ring mail         |       |       |       |       |   172 ||   172
Dodge: Dodged            |   102 |    86 |   262 |   278 |   390 ||  1118
       Deflected         |       |       |     7 |    14 |       ||    21
Block: Buckler           |       |       |   137 |   176 |   236 ||   549
